 Dungeon Crawl Stone Soup version 0.25-a0-561-g0977b4d109 (webtiles) character file.

Game seed: 9806326320980841319, levelgen mode: deterministic

49104 vurker the Stormcaller (level 14, -7/75 HPs)
             Began as a Felid Air Elementalist on Feb 25, 2020.
             Was the Champion of Vehumet.
             Mangled by a black mamba (16 damage)
             ... on level 3 of the Snake Pit.
             The game lasted 01:06:12 (50508 turns).

vurker the Stormcaller (Felid Air Elementalist)    Turns: 50508, Time: 01:06:12

Health: -7/75      AC:  6    Str:  5    XL:     14   Next: 14%
Magic:  7/43       EV: 27    Int: 27    God:    Vehumet [******]
Gold:   2351       SH:  0    Dex: 18    Spells: 6/44 levels left
                                        Lives:  0   Deaths: 3

rFire    . . .     SeeInvis +   (weapon unavailable)
rCold    + . .     Gourm    .   (shield unavailable)
rNeg     . . .     Faith    .   (armour unavailable)
rPois    .         Spirit   .   (helmet unavailable)
rElec    .         Reflect  .   (cloak unavailable)
rCorr    .         Harm     +   (gloves unavailable)
MR       ++++.                  (boots unavailable)
Stlth    +.........             k - amulet of harm
HPRegen  0.22/turn              z - ring of the Mage {Wiz MR++ Int+3}
MPRegen  0.28/turn              K - ring of the Octopus King {MP+9 AC+1 EV+1 Str+1 Int+1 Dex+1}

@: brilliant, contaminated, glowing, quick
A: very small, no armour, no weapons or thrown items, stealth, claws 1, fangs 3,
slimy green scales 1, see invisible, carnivore, speed 1, robust 1, shaggy fur 3,
slow metabolism 1, sharp paws
a: Renounce Religion


You were on level 3 of the Snake Pit.
You worshipped Vehumet.
Vehumet was exalted by your worship.
You were not hungry.

You visited 5 branches of the dungeon, and saw 27 of its levels.
You also visited: Ice Cave.

You collected 3377 gold pieces.
You spent 1026 gold pieces at shops.

Inventory:

Jewellery
 k - an amulet of harm (around neck)
   (You found it on level 2 of the Dungeon)
 z - the ring of the Mage (left paw) {Wiz MR++ Int+3}
   (You found it on level 10 of the Dungeon)

   [ring of wizardry]

   It improves your spell success rate.
   It affects your intelligence (+3).
   It affects your resistance to hostile enchantments.
 B - an uncursed ring of fire
   (You found it on level 5 of the Dungeon)
 E - an uncursed amulet of rage {unknown}
   (You found it on level 2 of the Lair of Beasts)
 J - an uncursed ring of positive energy
   (You found it in an ice cave)
 K - a ring of the Octopus King (right paw) {MP+9 AC+1 EV+1 Str+1 Int+1 Dex+1}
   (You found it in an ice cave)

   [ring of magical power]

   It affects your AC (+1).
   It affects your evasion (+1).
   It affects your strength (+1).
   It affects your intelligence (+1).
   It affects your dexterity (+1).
   It affects your magic capacity (+9).
 L - an uncursed ring of resist corrosion
   (You found it on level 12 of the Dungeon)
Wands
 s - a wand of polymorph (5)
   (You found it on level 8 of the Dungeon)
 t - a wand of flame (28)
   (You took it off Eustachio on level 5 of the Dungeon)
 v - a wand of digging (14)
   (You found it on level 10 of the Dungeon)
 M - a wand of enslavement (6)
   (You found it on level 12 of the Dungeon)
Scrolls
 b - 14 scrolls of remove curse
 f - 2 scrolls of amnesia
 g - a scroll of fear
 j - 4 scrolls of immolation
 l - 17 scrolls of teleportation
 m - 5 scrolls of fog
 o - a scroll of identify
 w - 8 scrolls of blinking
 D - 3 scrolls of magic mapping
Potions
 a - a potion of cancellation
 h - 11 potions of curing
 i - 4 potions of invisibility
 n - 3 potions of haste
 p - 5 potions of heal wounds
 q - a potion of brilliance
 r - 3 potions of flight
 u - a potion of magic
 x - 5 potions of lignification
 y - 5 potions of resistance
 A - a potion of ambrosia
 G - 3 potions of mutation
Miscellaneous
 c - a lightning rod (3/4)
   (You found it on level 1 of the Orcish Mines)
 F - a sack of spiders
 H - a phial of floods
   (You found it on level 1 of the Lair of Beasts)
Comestibles
 e - 48 rations


   Skills:
 - Level 12.0 Fighting
 - Level 10.0 Dodging
 - Level 2.6 Stealth
 * Level 15.7 Spellcasting
 - Level 8.0 Conjurations
 * Level 15.8 Air Magic
 - Level 10.0 Evocations


You had 6 spell levels left.
You knew the following spells:

 Your Spells              Type           Power        Failure   Level  Hunger
a - Shock                 Conj/Air       ####         0%          1    None
b - Lightning Bolt        Conj/Air       #######...   1%          5    None
c - Airstrike             Air            ########..   1%          4    None
d - Irradiate             Conj/Tmut      ######....   1%          5    None
q - Tornado               Air            ########..   34%         9    None
w - Blink                 Tloc           N/A          1%          2    None
x - Conjure Ball Lightni  Conj/Air       #######...   1%          6    None
z - Freezing Cloud        Conj/Ice/Air   #######...   1%          6    None

Your spell library contained the following spells:

 Spells                   Type           Power        Failure   Level  Hunger
 Ozocubu's Refrigeration  Ice            ####......   34%         6    None
 Magic Dart               Conj           ####         1%          1    None
 Sting                    Tmut/Pois      ####         1%          1    None
 Call Imp                 Summ           ####....     1%          2    None
 Poisonous Vapours        Pois/Air       ######       1%          2    None
 Searing Ray              Conj           ######       1%          2    None
 Slow                     Hex            ####....     1%          2    None
 Swiftness                Chrm/Air       #######.     1%          2    None
 Conjure Flame            Conj/Fire      ######..     1%          3    None
 Dazzling Flash           Conj/Hex       ######       1%          3    None
 Ignite Poison            Fire/Tmut/Pois ####....     1%          3    None
 Mephitic Cloud           Conj/Pois/Air  #######.     1%          3    None
 Static Discharge         Conj/Air       #######.     1%          3    None
 Fulminant Prism          Conj/Hex       ######....   1%          4    None
 Iskenderun's Mystic Bla  Conj/Tloc      ######..     1%          4    None
 Iskenderun's Battlesphe  Conj/Chrm      ######..     1%          5    None
 Bolt of Magma            Conj/Fire/Erth ######....   2%          5    None
 Olgreb's Toxic Radiance  Pois           ####....     3%          4    None
 Iron Shot                Conj/Erth      ######....   8%          6    None
 Orb of Destruction       Conj           #######...   9%          7    None
 Spellforged Servitor     Conj/Summ      ######....   34%         7    None
 Ring of Flames           Chrm/Fire      ####......   100%        7    None
 Ignition                 Fire           ####......   100%        8    None
 Shatter                  Erth           ####......   100%        9    None


Dungeon Overview and Level Annotations

Branches:
Dungeon (15/15)            Temple (1/1) D:4            Lair (6/6) D:10
 Shoals (0/4) Lair:2        Snake (3/4) Lair:4        Slime (0/5) Lair:5
    Orc (2/2) D:11            Elf (0/3) Orc:2        Vaults (0/5) D:13
 Depths (0/5) D:15          IceCv (visited)

Altars:
Ashenzari
Cheibriados
Dithmenos
Elyvilon
Fedhas
Gozag
Hepliaklqana
Kikubaaqudgha
Makhleb
Nemelex Xobeh
Qazlal
Ru
Sif Muna
Vehumet
Xom
Yredelemnul
Zin
The Shining One
Beogh
Jiyva

Shops:
D:8 !   Orc:1 :   Orc:2 [:%(=   Snake:2 =:(

Annotations:
Lair:2 3 runed translucent doors, Deavvycs's ghost, journeyman TrHu


Innate Abilities, Weirdness & Mutations

You cannot wear armour.
You are incapable of wielding weapons or throwing items.
Your paws allow you to move quietly. (Stealth)
You have sharp claws.
You have razor-sharp teeth.
You have supernaturally acute eyesight. (SInv)
You are carnivorous and can eat meat at any time.
You cover ground quickly.
Your thick and shaggy fur keeps you warm. (AC +3, rC+)
You have a slow metabolism.
Your sharp claws are effective at attacking unaware monsters.
You are partially covered in slimy green scales. (AC +2)
You are robust. (+10% HP)


Message History

The air twists around and strikes the black mamba!
The shock serpent hisses angrily.
A black mamba comes into view.
The black mamba completely misses you. The black mamba misses you.
The black mamba moves out of view.
You feel clever all of a sudden. The black mamba closely misses you.
The black mamba completely misses you.
The spell is very dangerous to cast (34% risk of failure)!
Continue anyway?
Okay, then.
Unknown command.
Okay, then.
The spell is very dangerous to cast (34% risk of failure)!
Continue anyway?
You feel a surge of power!
You miscast Tornado.
A ball of electricity appears!
A ball lightning comes into view.
The black mamba completely misses you. The black mamba bites you!
Found a potion of stabbing.
The naga sharpshooter unwields a +0 halberd.
The naga sharpshooter wields a +0 shortbow.
The naga sharpshooter casts a spell.
The naga sharpshooter magically shoots an arrow.
The arrow completely misses you.
The black mamba bites you but does no damage.
The ball lightning explodes!
The blast of lightning engulfs the black mamba.
The blast of lightning engulfs you!
* * * LOW HITPOINT WARNING * * *
You hear a shout!
You hear an angry hiss.
You hear a shout!
You hear an angry hiss.
You hear a shout!
You hear an angry hiss. x2
You hear a shout!
You see here 2 arrows.
The naga sharpshooter casts a spell.
The naga sharpshooter magically shoots an arrow.
The arrow closely misses you.
You see here an arrow.
The naga sharpshooter shoots an arrow.
The arrow hits you!
* * * LOW HITPOINT WARNING * * *
The black mamba closely misses you.
You see here an arrow.
You feel much better.
The black mamba bites you but does no damage.
The naga sharpshooter shoots an arrow.
The arrow hits you!
* * * LOW HITPOINT WARNING * * *
The black mamba bites you but does no damage.
The black mamba bites you!
* * * LOW HITPOINT WARNING * * *
You are lethally poisoned!
The black mamba poisons you!
You feel better. The black mamba misses you. The black mamba bites you!
You die...

#.............)......##
#..###############.....##
#.## #.......## #)#
#####........## .#
.......)......## .
######..)......# ####
##.......##.†# ...)#
###...##........###..#
...). #.....@S...).....#
#.)# ....N##
#....###..(....##..# #..
...N..# #...# #........#
#..# #. ......##...#
#.....((.## #.. #
#..........#
#..........## .#........#
#........#N.## .....<...#
#..)....###.≈##
.......### ###........
##N.# #.......#
##..)..##.... ##.#


You could see a black mamba.

Vanquished Creatures
  Rupert (Lair:5)
  Asterion (Snake:2)
  Frances (D:12)
  A nagaraja (Snake:2)
  A frost giant (D:15)
  Aizul (Snake:2)
  2 entropy weavers (D:13)
  The ghost of EnegeticOcto the Cleaver, a journeyman DDFi of Makhleb (Orc:1)
  Azrael (D:14)
  2 ettins
  A fire dragon (Lair:6)
  2 yaktaur captains (D:15)
  A great orb of eyes (D:15)
  4 ogre magi (D:15)
  2 ice dragons (IceCv)
  An ice dragon (shapeshifter) (D:15)
  11 hydras
  3 vault guards (D:13)
  6 naga warriors
  4 centaur warriors
  2 death knights
  4 anacondas
  A tengu warrior (D:15)
  A queen ant (D:13)
  2 catoblepae
  2 two-headed ogres
  A dancing weapon (Orc:1)
  A naga sharpshooter (Snake:3)
  A deep troll earth mage (D:15)
  A deep elf knight (D:15)
  2 shock serpents
  2 salamander mystics
  A fire crab (Lair:4)
  3 unseen horrors
  A swamp dragon (Lair:6)
  An unseen horror (shapeshifter) (D:15)
  6 orc knights
  A lindwurm (Lair:5)
  A wolf spider (D:15)
  An orb spider (shapeshifter) (D:15)
  6 mana vipers
  2 deep elf magi
  A necromancer (D:15)
  12 ugly things
  An orc sorcerer (Orc:1)
  5 manticores
  6 cyclopes
  12 salamanders
  Maurice (D:8)
  3 naga magi
  18 black mambas
  12 elephants
  Maggie (D:8)
  A guardian serpent (Snake:2)
  A guardian serpent (shapeshifter) (D:15)
  2 orange demons (D:14)
  2 ice statues (IceCv)
  3 gargoyles
  10 spiny frogs
  6 yaktaurs (D:15)
  A freezing wraith (D:15)
  5 rime drakes
  An efreet (D:15)
  5 komodo dragons
  A merfolk (shapeshifter) (D:15)
  8 trolls
  4 meliai (D:15)
  10 blink frogs
  10 slime creatures
  Prince Ribbit (D:5)
  4 dream sheep (Lair:6)
  4 polar bears (Lair:4)
  A queen bee (shapeshifter) (D:15)
  12 hippogriffs
  A water elemental (D:12)
  2 centaur simulacra (D:15)
  A wraith (D:13)
  45 yaks
  A shadow (D:12)
  5 fire elementals (D:14)
  5 basilisks
  5 wyverns
  Eustachio (D:5)
  8 humans
  2 steam dragons
  3 hogs (D:7)
  3 hungry ghosts
  Grum (D:8)
  13 vampire mosquitoes
  4 acid dragons
  Menkaure (D:5)
  11 nagas
  26 soldier ants
  7 wargs (Orc:2)
  15 water moccasins
  3 hell hounds (D:14)
  3 swamp drakes (Lair:6)
  7 porcupines
  41 orc warriors
  3 sky beasts
  14 ice beasts (IceCv)
  A black bear (D:5)
  11 wolves
  An eye of draining (D:11)
  2 necrophages
  6 ogres
  11 centaurs
  11 crocodiles
  A big kobold (D:7)
  19 bullfrogs
  A wyvern zombie (D:11)
  A wyvern skeleton (D:12)
  4 killer bees (D:12)
  3 scorpions
  3 wights (D:9)
  2 howler monkeys (D:6)
  3 electric eels
  6 crimson imps
  6 centaur zombies
  2 bullfrog zombies
  6 iron imps (D:14)
  3 jellies
  2 hounds
  3 quasits
  16 orc priests
  5 centaur skeletons
  11 orc wizards
  3 bullfrog skeletons
  10 iguanas
  7 hell rats (Lair:6)
  24 worker ants
  A hound skeleton (D:7)
  A worker ant zombie (D:5)
  3 gnolls (D:5)
  19 adders
  5 river rats (Lair:6)
  3 shadow imps
  2 oozes
  An adder skeleton (D:4)
  2 worms
  6 leopard geckos
  97 orcs
  3 ball pythons
  3 giant cockroaches
  7 goblins
  5 hobgoblins
  14 jackals
  11 kobolds
  A quokka (D:5)
  4 bats
  2 frilled lizards
  A giant cockroach zombie (D:5)
  10 rats
  4 plants
874 creatures vanquished.

Vanquished Creatures (others)
  A vault guard (D:13)
  A jelly (D:15)
  A ball lightning (Snake:3)
  6 fungi
  9 plants
18 creatures vanquished.

Grand Total: 892 creatures vanquished

Notes
Turn   | Place    | Note
-------+----------+-------------------------------------------
     0 | D:1      | vurker the Felid Air Elementalist began the quest for the
                  | Orb.
     0 | D:1      | Reached XP level 1. HP: 7/7 MP: 4/4
   105 | D:1      | Reached skill level 1 in Conjurations
   455 | D:1      | Reached XP level 2. HP: 12/12 MP: 0/6
  1604 | D:2      | Reached skill level 1 in Fighting
  1604 | D:2      | Reached XP level 3. HP: 15/15 MP: 2/7
  2028 | D:2      | Reached XP level 4. HP: 19/19 MP: 7/9
  2227 | D:2      | Found a sparkling altar of Nemelex Xobeh.
  2975 | D:3      | Found a shadowy altar of Dithmenos.
  3180 | D:3      | Reached XP level 5. HP: 22/22 MP: 6/10
  3220 | D:3      | Learned a level 5 spell: Lightning Bolt
  3225 | D:3      | Learned a level 4 spell: Airstrike
  3298 | D:3      | Found a shimmering altar of Xom.
  3506 | D:2      | Found an ancient bone altar of Kikubaaqudgha.
  4564 | D:4      | Gained mutation: You are agile. (Dex +2) [potion of
                  | mutation]
  4564 | D:4      | Gained mutation: You occasionally shout uncontrollably at
                  | your foes. [potion of mutation]
  4564 | D:4      | Gained mutation: You are partially covered in slimy green
                  | scales. (AC +2) [potion of mutation]
  4725 | D:4      | Found a staircase to the Ecumenical Temple.
  4748 | Temple   | Entered the Ecumenical Temple
  4766 | Temple   | Became a worshipper of Vehumet
  5042 | D:4      | Gained mutation: You are covered in thick fur. (AC +2)
                  | [Felid growth]
  5042 | D:4      | Reached XP level 6. HP: 26/26 MP: 9/12
  5501 | D:4      | Found a shimmering blue altar of Sif Muna.
  5713 | D:5      | Entered Level 5 of the Dungeon
  5713 | D:5      | Found a white marble altar of Elyvilon.
  6008 | D:5      | Noticed Eustachio
  6008 | D:5      | Noticed Menkaure
  6060 | D:5      | Noticed Prince Ribbit
  6283 | D:6      | Noticed an orc warrior
  6284 | D:6      | Reached XP level 7. HP: 30/30 MP: 12/14
  6304 | D:6      | Found a snail-covered altar of Cheibriados.
  6649 | D:6      | Reached skill level 5 in Air Magic
  7160 | D:6      | Reached skill level 5 in Spellcasting
  7417 | D:6      | Reached XP level 8. HP: 34/34 MP: 12/16
  8067 | D:5      | Killed Eustachio
  8142 | D:5      | Killed Menkaure
  8151 | D:5      | Reached * piety under Vehumet
  8151 | D:5      | Offered knowledge of Sandblast by Vehumet.
  8347 | D:5      | Killed Prince Ribbit
  9790 | D:7      | Reached XP level 9. HP: 39/39 MP: 10/19
 10065 | D:7      | Found a glowing golden altar of the Shining One.
 10614 | D:7      | Reached skill level 5 in Fighting
 11095 | D:7      | Reached skill level 5 in Conjurations
 11710 | D:8      | Found a white marble altar of Elyvilon.
 11742 | D:8      | Noticed Maggie
 11751 | D:8      | Killed Maggie
 11888 | D:8      | Found a shattered altar of Ashenzari.
 12152 | D:8      | Found a sacrificial altar of Ru.
 12259 | D:8      | Noticed Grum
 12339 | D:8      | Found Bakhuliarr's Distillery.
 12343 | D:8      | Bought a potion of mutation for 128 gold pieces
 12343 | D:8      | Bought a potion of heal wounds for 80 gold pieces
 12343 | D:8      | Bought a potion of lignification for 48 gold pieces
 12343 | D:8      | Lost mutation: You occasionally shout uncontrollably at
                  | your foes. [potion of mutation]
 12343 | D:8      | Lost mutation: You are agile. (Dex +2) [potion of mutation]
 12343 | D:8      | Gained mutation: You are robust. (+10% HP) [potion of
                  | mutation]
 12420 | D:8      | Noticed Maurice
 12424 | D:8      | Killed Maurice
 12759 | D:8      | Found a shattered altar of Ashenzari.
 12773 | D:8      | Found a sacrificial altar of Ru.
 12981 | D:8      | Killed Grum
 12981 | D:8      | Reached XP level 10. HP: 37/49 MP: 8/22
 13188 | D:8      | Found a white marble altar of Elyvilon.
 13256 | D:8      | Found Bakhuliarr's Distillery.
 13623 | D:9      | Learned a level 6 spell: Freezing Cloud
 13697 | D:9      | Found a roughly hewn altar of Beogh.
 13721 | D:9      | Reached ** piety under Vehumet
 13721 | D:9      | Offered knowledge of Foxfire by Vehumet.
 14519 | D:9      | Found a hazy altar of Hepliaklqana.
 14838 | D:9      | Found a blossoming altar of Fedhas.
 14935 | D:10     | Entered Level 10 of the Dungeon
 15182 | D:10     | Found a staircase to the Lair.
 15208 | D:10     | Offered knowledge of Frozen Ramparts by Vehumet.
 15414 | D:10     | Noticed a two-headed ogre
 15417 | D:10     | Killed a two-headed ogre
 15599 | D:10     | Found an opulent altar of Gozag.
 15661 | D:10     | Found the ring of the Mage {Wiz MR++ Int+3}
 15888 | D:10     | Reached *** piety under Vehumet
 16121 | D:10     | Noticed a gargoyle
 16122 | D:10     | Killed a gargoyle
 16469 | D:11     | Noticed a green ugly thing
 16675 | D:11     | Killed a green ugly thing
 16675 | D:11     | Reached XP level 11. HP: 53/53 MP: 10/25
 16792 | D:11     | Offered knowledge of Hailstorm by Vehumet.
 16991 | D:11     | Found a staircase to the Orcish Mines.
 17909 | Lair:1   | Entered Level 1 of the Lair of Beasts
 18421 | Lair:1   | Reached **** piety under Vehumet
 18423 | Lair:1   | Reached skill level 1 in Evocations
 18620 | Lair:1   | Reached skill level 10 in Air Magic
 18779 | Lair:1   | Offered knowledge of Olgreb's Toxic Radiance by Vehumet.
 18779 | Lair:1   | Reached skill level 10 in Spellcasting
 18881 | D:10     | Learned a level 4 spell: Olgreb's Toxic Radiance
 19060 | Lair:1   | You fall into a shaft and drop 1 floor!
 19384 | Lair:2   | Found a staircase to the Shoals.
 19853 | Lair:2   | Noticed a four-headed hydra
 19861 | Lair:2   | Killed a four-headed hydra
 19861 | Lair:2   | Gained mutation: Your thick and shaggy fur keeps you warm.
                  | (AC +3, rC+) [Felid growth]
 19861 | Lair:2   | Reached XP level 12. HP: 60/60 MP: 13/27
 20144 | Lair:2   | Found a runed translucent gate.
 20144 | Lair:2   | Found a runed translucent gate.
 20144 | Lair:2   | Found a runed translucent gate.
 20146 | Lair:2   | Noticed Deavvycs's ghost (journeyman TrHu)
 20725 | Lair:3   | Reached skill level 5 in Dodging
 22131 | Lair:3   | Noticed a six-headed hydra
 22135 | Lair:3   | Killed a six-headed hydra
 23250 | Lair:4   | Reached skill level 5 in Evocations
 23290 | Lair:4   | Found a frozen archway.
 23299 | IceCv    | Entered an ice cave
 23312 | IceCv    | Reached ***** piety under Vehumet
 23469 | IceCv    | Offered knowledge of Yara's Violent Unravelling by Vehumet.
 24267 | IceCv    | Reached XP level 13. HP: 48/66 MP: 7/29
 24825 | IceCv    | Found the ring of the Octopus King
 24859 | IceCv    | Got a ring of the Octopus King
 24966 | IceCv    | Identified a ring of the Octopus King {MP+9 AC+1 EV+1 Str+1
                  | Int+1 Dex+1} (You found it in an ice cave)
 25618 | Lair:4   | Found a staircase to the Snake Pit.
 26232 | Lair:5   | Noticed Rupert
 26238 | Lair:5   | Killed Rupert
 26803 | Lair:5   | Found a viscous altar of Jiyva.
 26804 | Lair:5   | Found a staircase to the Slime Pits.
 27319 | Lair:6   | Entered Level 6 of the Lair of Beasts
 29567 | Lair:6   | Found the +8 autumn katana {vorpal, Clar}
 29629 | Lair:6   | Noticed a fire dragon
 29633 | Lair:6   | Killed a fire dragon
 29927 | Lair:6   | Reached XP level 14. HP: 71/71 MP: 31/31
 30266 | Orc:1    | Entered Level 1 of the Orcish Mines
 30580 | Orc:1    | Found Wouheit's Book Boutique.
 30880 | Orc:1    | Offered knowledge of Lee's Rapid Deconstruction by Vehumet.
 31030 | Orc:2    | Entered Level 2 of the Orcish Mines
 32560 | Orc:2    | Found Loigh's Antique Weapon Shop.
 32560 | Orc:2    | Found Famn's Jewellery Shoppe.
 32582 | Orc:2    | Reached skill level 10 in Fighting
 33388 | Orc:2    | Found a roughly hewn altar of Beogh.
 33651 | Orc:2    | Found Baqan's Antique Armour Shoppe.
 33720 | Orc:2    | Found Wiudgh's Book Shop.
 33720 | Orc:2    | Found Hacs's Food Shoppe.
 33831 | Orc:2    | Found a staircase to the Elven Halls.
 34056 | Orc:1    | Found a runed translucent door.
 34056 | Orc:1    | Found a shimmering altar of Xom.
 34056 | Orc:1    | Noticed EnegeticOcto's ghost (journeyman DDFi)
 34231 | Orc:1    | Killed EnegeticOcto's ghost
 34390 | D:12     | Noticed Frances
 34401 | D:12     | Killed Frances
 34738 | D:12     | Offered knowledge of Irradiate by Vehumet.
 34955 | D:12     | Learned a level 5 spell: Irradiate
 35242 | D:12     | Reached skill level 10 in Dodging
 36170 | D:12     | Found a shadowy altar of Dithmenos.
 38017 | D:13     | Noticed an entropy weaver
 38020 | D:13     | Killed an entropy weaver
 38041 | D:13     | Reached XP level 15. HP: 77/77 MP: 13/33
 38825 | D:13     | Learned a level 2 spell: Blink
 39314 | D:13     | Offered knowledge of Starburst by Vehumet.
 39592 | D:13     | Identified the +5 plate armour of True Grit {rF+ MP+9
                  | Str+2}
 39633 | D:13     | Found a gate to the Vaults.
 40140 | D:14     | Found a basalt altar of Yredelemnul.
 40148 | D:14     | Noticed Azrael
 41037 | D:14     | Killed Azrael
 41369 | D:15     | Entered Level 15 of the Dungeon
 41773 | D:15     | Found a radiant altar of Vehumet.
 41911 | D:15     | Shot with a bolt by a yaktaur
 41912 | D:15     | Reached XP level 14. HP: -2/73 MP: 12/42
 42451 | D:15     | Reached skill level 10 in Evocations
 42558 | D:15     | Found a staircase to the Depths.
 42845 | D:15     | Found a glowing silver altar of Zin.
 42845 | D:15     | Found an opulent altar of Gozag.
 43346 | D:15     | Noticed a frost giant
 43388 | D:15     | Killed a frost giant
 43917 | D:15     | Reached XP level 15. HP: 78/78 MP: 29/34
 44460 | D:15     | Offered knowledge of Conjure Ball Lightning by Vehumet.
 44727 | D:15     | Learned a level 6 spell: Conjure Ball Lightning
 45469 | D:15     | Noticed a fire giant
 46003 | Snake:1  | Entered Level 1 of the Snake Pit
 46292 | Snake:1  | Reached skill level 15 in Air Magic
 46590 | Snake:1  | Reached ****** piety under Vehumet
 47007 | Snake:1  | Reached skill level 15 in Spellcasting
 47543 | Snake:2  | Found Iqokulek's Jewellery Boutique.
 47545 | Snake:2  | Found Zepourha's Book Shop.
 47547 | Snake:2  | Found Dicsia's Antique Weapon Boutique.
 47736 | Snake:2  | Noticed a nagaraja
 47743 | Snake:2  | Killed a nagaraja
 48235 | Snake:2  | Noticed Aizul
 48244 | Snake:2  | Killed Aizul
 49012 | Snake:2  | Noticed Asterion
 49022 | Snake:2  | Killed Asterion
 49636 | Snake:2  | Bought a book of the Tempests for 770 gold pieces
 49646 | Snake:2  | Learned a level 9 spell: Tornado
 49814 | Snake:3  | Reached XP level 16. HP: 70/83 MP: 10/36
 49984 | Snake:3  | Offered knowledge of Ozocubu's Refrigeration by Vehumet.
 50141 | Snake:3  | HP: 4/83 [naga sharpshooter/arrow (6)]
 50143 | Snake:3  | Killed from afar by a shock serpent
 50144 | Snake:3  | Reached XP level 15. HP: -4/79 MP: 44/44
 50484 | Snake:3  | HP: 2/79 [shock serpent/bolt of electricity (16)]
 50485 | Snake:3  | Slain by a shock serpent
 50486 | Snake:3  | Reached XP level 14. HP: -5/75 MP: 9/43
 50506 | Snake:3  | HP: 2/75 [black mamba (19)]
 50508 | Snake:3  | Mangled by a black mamba

Levels and vault maps discovered:
D:1:      evilmike_arrival_fibonacci_small, layout_basic, chequers_big_river
D:2:      layout_basic, kiku_gazebo_pond_becter, marbit_many_paths
D:3:      layout_loops_cross, overflow_temple_1_default,
          kennysheep_pointless_box, brannock_xom_greatest_gift
D:4:      layout_basic, lemuel_blue_sif_altar, minmay_temple_entry_glassed_door,
          first_ration
D:5:      layout_cave_pools, nicolae_ossuary_entry_plus, basic_altar,
          minmay_chambers_of_fives, uniq_eustachio, uniq_menkaure,
          uniq_prince_ribbit1
D:6:      layout_layer_cave, old_standard_altar
D:7:      layout_layer_cave, grunt_livestock, nicolae_tso_carved_into_rock
D:8:      layout_rooms, old_standard_altar, elyvilon_altar_3,
          old_standard_altar, serial_shops, shop, kennysheep_small_spiral,
          minivault_11, uniq_grum, uniq_maggie, uniq_maurice
D:9:      layout_roguey [special_room_orc], lemuel_doored_altar, fedhas_altar_3
D:10:     layout_gridville, lair_entry_dummy, grunt_gozag_breadcrumbs
D:11:     layout_small_grid, orc_0_dummy
D:12:     layout_basic, minivault_14, lemuel_statue_altar, uniq_frances
D:13:     layout_long_grid, ximxim_vaults_locker_room, minivault_29
D:14:     layout_roguey, kennysheep_nub, lemuel_hellish_altar, uniq_azrael
D:15:     hangedman_slaughterboxes, serial_shops
Temple:   dshaligram_water_room_temple
Lair:1:   layout_hall_layers, grunt_megastairs_1
Lair:2:   layout_roguey, shoals_dummy_entry, gammafunk_ghost_necromancy,
          beast_lair_carwin_11, grunt_megastairs_2
Lair:3:   layout_cave_shapes, st_stairs_11, serial_bayou_shore_b
Lair:4:   layout_loops_ring, guppyfry_snake_entry_garden,
          portal_ice_cave_entry_pillars_2, beast_lair_carwin_10
Lair:5:   layout_gridlike, dpeg_slime_entry_enclosed_altar, uniq_rupert
Lair:6:   wormcave, layout_regular_city, guppyfry_lair_end_dragon,
          kennysheep_abandoned_house, grunt_megastairs_4, serial_bayou_shore_a
Snake:1:  layout_concentric_octagons
Snake:2:  layout_basic, minmay_shop_star, uniq_aizul, uniq_asterion
Snake:3:  layout_onion, nicolae_snake_shapes
Orc:1:    layout_caves, ebering_ghost_xom, serial_shops, shop_statue
Orc:2:    st_orc_town, layout_caves, serial_shops, shop

Skill      XL: |  1  2  3  4  5  6  7  8  9 10 11 12 13 14 15 |
---------------+----------------------------------------------+-----
Conjurations   | 1 2 3 4 5 7 8 |  8.0
Air Magic      | 3 4 5 6 8 9 10 11 12 13 15 | 15.8
Fighting       | 1 2 3 4 5 6 7 8 9 10 12 | 12.0
Spellcasting   | 3 4 5 6 7 9 10 11 12 13 15 | 15.7
Dodging        | 4 6 8 10 | 10.0
Evocations     | 3 5 7 10 9 | 10.0
Stealth        | |  2.6

Action                   |  1- 3 |  4- 6 |  7- 9 | 10-12 | 13-15 | 16-18 || total
-------------------------+-------+-------+-------+-------+-------+-------++-------
Melee: Unarmed           |    12 |       |     6 |     5 |     3 |       ||    26
       Bite              |     1 |       |       |     1 |       |       ||     2
 Cast: Shock             |    67 |   135 |    93 |    36 |    16 |       ||   347
       Airstrike         |       |     2 |    86 |   351 |  1138 |    15 ||  1592
       Lightning Bolt    |       |       |     1 |     4 |     2 |       ||     7
       Freezing Cloud    |       |       |       |     9 |    43 |     1 ||    53
       Irradiate         |       |       |       |       |     2 |       ||     2
       Blink             |       |       |       |       |     1 |       ||     1
Evoke: Wand              |       |     3 |     4 |    12 |    11 |       ||    30
       Lightning rod     |       |       |       |       |     9 |       ||     9
       Phial of floods   |       |       |       |       |     1 |       ||     1
  Use: Scroll            |     2 |     2 |    18 |     4 |     7 |     1 ||    34
       Potion            |       |     1 |     1 |       |     7 |     1 ||    10
  Eat: Chunk             |    10 |     8 |    23 |    35 |    65 |       ||   141
Armor: Skin              |     2 |     3 |     5 |     8 |    14 |       ||    32
Dodge: Dodged            |    17 |    32 |    46 |    68 |   188 |     4 ||   355

Table legend:
 A = Non-vault XP
 B = Vault XP
 C = Vault XP percentage of total XP
 D = Non-vault monster count
 E = Vault monster count
 F = Vault count percentage of total count
                 A         B        C        D         E       F
            +---------+---------+-------+---------+---------+-------
      Total |  110965 |   95653 |  46.3 |     539 |     331 |  38.0
            +---------+---------+-------+---------+---------+-------
        D:1 |      35 |       0 |   0.0 |      19 |       0 |   0.0
        D:2 |     122 |       2 |   1.6 |      17 |       1 |   5.6
        D:3 |      78 |       0 |   0.0 |      18 |       0 |   0.0
        D:4 |     200 |       0 |   0.0 |      10 |       0 |   0.0
        D:5 |     552 |     673 |  54.9 |      13 |       5 |  27.8
        D:6 |     953 |       0 |   0.0 |      27 |       0 |   0.0
        D:7 |     640 |     967 |  60.2 |      22 |       5 |  18.5
        D:8 |      80 |    1458 |  94.8 |       2 |       6 |  75.0
        D:9 |     577 |     626 |  52.0 |      10 |      25 |  71.4
       D:10 |    2791 |       0 |   0.0 |      26 |       0 |   0.0
       D:11 |    4325 |       0 |   0.0 |      40 |       0 |   0.0
       D:12 |    8603 |    2377 |  21.6 |      43 |       1 |   2.3
       D:13 |    9409 |   12426 |  56.9 |      29 |      55 |  65.5
       D:14 |    9125 |    3717 |  28.9 |      26 |      17 |  39.5
       D:15 |       0 |   40695 | 100.0 |       0 |      76 | 100.0
     Lair:1 |    6423 |     401 |   5.9 |      31 |       2 |   6.1
     Lair:2 |    3819 |     523 |  12.0 |      14 |       4 |  22.2
     Lair:3 |    6725 |     145 |   2.1 |      28 |       1 |   3.4
     Lair:4 |    5496 |    2101 |  27.7 |      15 |       8 |  34.8
     Lair:5 |    3361 |    3231 |  49.0 |      11 |       2 |  15.4
     Lair:6 |    8680 |    5433 |  38.5 |      28 |      39 |  58.2
    Snake:1 |    8433 |       0 |   0.0 |      16 |       0 |   0.0
    Snake:2 |   15961 |    4238 |  21.0 |      27 |       2 |   6.9
    Snake:3 |    8207 |    2017 |  19.7 |      15 |       3 |  16.7
      Orc:1 |    3427 |    2284 |  40.0 |      23 |       2 |   8.0
      Orc:2 |    2943 |    7006 |  70.4 |      29 |      57 |  66.3
      IceCv |       0 |    5333 | 100.0 |       0 |      20 | 100.0
            +---------+---------+-------+---------+---------+-------
